 Dungeon Crawl Stone Soup version 0.29-a0-824-gd827844252 (webtiles) character file.

Game seed: 2774475452014445768

1117 buhh the Insei (level 8, 0/82 HPs)
             Began as an Octopode Transmuter on July 9, 2022.
             Succumbed to a gnoll sergeant's poison
             ... on level 5 of the Dungeon.
             The game lasted 00:06:42 (8679 turns).

buhh the Insei (Octopode Transmuter)                Turns: 8679, Time: 00:06:43

Health: 0/82       AC: 24    Str:  9    XL:     8   Next: 34%
Magic:  20/20      EV:  2    Int: 17    God:
Gold:   254        SH:  0    Dex: 13    Spells: 5/11 levels left

rFire   . . .      SeeInvis .     - Unarmed
rCold   . . .      Faith    .   (no shield)
rNeg    . . .      Spirit   .   (helmet currently unavailable)
rPois   +          Reflect  .   (no amulet)
rElec   .          Harm     .   i - ring of magical power
rCorr   .          Rampage  .   u - ring of flight
Will    .....      NoTele   +   l - +4 ring of evasion
Stlth   ++........              (no ring)
HPRegen 0.23/turn               (no ring)
MPRegen 0.17/turn               (no ring)
                                (no ring)
                                (no ring)

@: mighty, lethally poisoned (0 -> -11), tree-form
A: stationary, stasis, torment immunity, boosted hp, almost no armour,
(amphibious), 8 rings, (camouflage 1), (gelatinous body 1), (nimble swimmer 1),
(tentacles)
a: no special abilities


You were on level 5 of the Dungeon.
You were a tree.
You visited 1 branch of the dungeon, and saw 5 of its levels.

You collected 254 gold pieces.

Inventory:

Magical Staves
 b - a staff of poison
Jewellery
 i - a ring of magical power (left branch)
 l - a +4 ring of evasion (on tentacle)
 u - a ring of flight (right branch)
Wands
 p - a wand of iceblast (13)
 q - a wand of flame (6)
Scrolls
 a - a scroll of summoning
 e - a scroll of torment
 f - 2 scrolls of enchant armour
 j - a scroll of fog
 k - a scroll of teleportation {!d}
Potions
 c - 2 potions of berserk rage {unknown}
 d - 4 potions of curing {unknown}
 g - a potion of attraction {unknown}
 h - 2 potions of magic {unknown}
 n - a potion of heal wounds {unknown}


   Skills:
 + Level 5.3 Fighting
 + Level 5.7 Dodging
 - Level 2.0 Stealth
 - Level 6.0 Unarmed Combat
 - Level 2.0 Spellcasting
 - Level 2.0 Transmutations
 - Level 2.0 Poison Magic


You had 5 spell levels left.
You knew the following spells:

 Your Spells              Type           Power      Damage    Failure   Level
a - Beastly Appendage     Tmut           16%        N/A       9%          1
b - Wereblood             Tmut           8%         N/A       13%         2
c - Spider Form           Tmut/Pois      8%         N/A       26%         3

Your spell library contained the following spells:

 Spells                   Type           Power      Damage    Failure   Level
 Shock                    Conj/Air       4%         1d3       19%         1
 Dazzling Flash           Conj/Hex       2%         N/A       50%         3
 Ice Form                 Ice/Tmut       5%         N/A       77%         4
 Agony                    Necr           1%         N/A       99%         5
 Silence                  Hex/Air        0%         N/A       99%         5


Dungeon Overview and Level Annotations

Branches:
Dungeon (5/15) Zot: 21337
 Temple: D:4-7

Altars:
Ashenzari
Qazlal
Sif Muna
Trog
Yredelemnul

Shops:
D:5 :

Annotations:
D:3 exclusion: 3 downstairs
D:5 4 runed translucent doors, Dowan


Innate Abilities, Weirdness & Mutations

You are a tree.
Your roots penetrate the ground, keeping you stationary.
You cannot be teleported.
You are immune to unholy pain and torment.
Your maximum health is greatly increased.
You cannot wear most types of armour.
((You are amphibious.))
You can wear up to eight rings at the same time.
((Your skin changes colour to match your surroundings (Stealth+).))
((Your rubbery body absorbs attacks. (AC +1, EV +1)))
((You are camouflaged when in or above water. (Stealth+)))
((You have tentacles for arms and can constrict up to eight enemies at once.))


Message History

You feel sick.
The gnoll sergeant hits you but does no damage.
You are lethally poisoned!
You barely miss the gnoll sergeant.
The gnoll sergeant is heavily wounded.
* * * LOW HITPOINT WARNING * * *
You feel very sick.
The gnoll sergeant hits you but does no damage.
The gnoll sergeant blocks your attack.
The gnoll sergeant is heavily wounded.
* * * LOW HITPOINT WARNING * * *
You feel very sick. The gnoll sergeant barely misses you.
You feel very mighty all of a sudden.
* * * LOW HITPOINT WARNING * * *
You feel very sick.
The gnoll sergeant hits you but does no damage.
There is a lethal amount of poison in your body!
The gnoll sergeant blocks your attack.
The gnoll sergeant is heavily wounded.
* * * LOW HITPOINT WARNING * * *
You feel sick. The gnoll sergeant blocks your attack.
The gnoll sergeant is heavily wounded.
* * * LOW HITPOINT WARNING * * *
You feel sick. The gnoll sergeant barely misses you.
You smack the gnoll sergeant!
The gnoll sergeant is severely wounded.
* * * LOW HITPOINT WARNING * * *
You feel sick.
The gnoll sergeant hits you but does no damage.
You are more poisoned.
The gnoll sergeant blocks your attack.
The gnoll sergeant is severely wounded.
* * * LOW HITPOINT WARNING * * *
You feel sick.
The gnoll sergeant hits you but does no damage.
The gnoll sergeant blocks your attack.
The gnoll sergeant is severely wounded.
You die...

#.#8....8#..# ##...
#.+......+..# #....
#.+.....y+..# ##....
#.#8....8#..##########.....
####.##8[[8##.................
##.....######..........>.....#.
#..###'# #'###.............#
#.##...### #.#g##.............
#.#.#.##[# ##♣# #............#
#.#.##.#.# ### #.......#...#.
#.#.#)##†# #.............
##.#.###..# #.#####.....#.
#..##.)†.#### ##.####..#.#..#
#...######..######..##...##.#...
#.#..................#.####.#..#
#.###########..#####...# #..#.#.
#.# #####.#####...###.#....


You could see a gnoll sergeant.

Vanquished Creatures
  An ice beast (D:5)
  A phantom (D:5)
  A necrophage (D:5)
  2 scorpions (D:5)
  A killer bee (D:5)
  A hound (D:5)
  5 orc priests
  A jelly (D:4)
  A gnoll bouda (D:4)
  Terence (D:2)
  3 iguanas (D:5)
  2 orc wizards
  Natasha (thrice) (D:3)
  A hound zombie (D:3)
  9 gnolls
  5 adders
  2 worms
  2 dart slugs (D:2)
  18 orcs
  5 ball pythons
  7 endoplasms
  4 giant cockroaches
  11 goblins
  5 hobgoblins
  7 jackals
  6 kobolds
  A quokka (D:5)
  7 bats
  3 frilled lizards
  A jackal zombie (D:3)
  A quokka zombie (D:3)
  7 rats
125 creatures vanquished.

Vanquished Creatures (others)
  8 plants (D:3)
8 creatures vanquished.

Grand Total: 133 creatures vanquished

Notes
Turn   | Place    | Note
-------+----------+-------------------------------------------
     0 | D:1      | buhh the Octopode Transmuter began the quest for the Orb.
     0 | D:1      | Reached XP level 1. HP: 13/13 MP: 3/3
    95 | D:1      | Reached XP level 2. HP: 10/18 MP: 3/5
   719 | D:1      | Reached XP level 3. HP: 19/23 MP: 4/6
  1367 | D:2      | Found a faded altar of an unknown god.
  1371 | D:2      | Got Plato's Compilation of the Lungs
  1518 | D:2      | Noticed Terence
  1529 | D:2      | Killed Terence
  1530 | D:2      | Reached XP level 4. HP: 3/29 MP: 7/7
  2568 | D:3      | Learned a level 2 spell: Wereblood
  2572 | D:3      | Learned a level 3 spell: Spider Form
  2711 | D:3      | Noticed Natasha
  2717 | D:3      | Killed Natasha
  2718 | D:3      | Reached XP level 5. HP: 29/35 MP: 6/8
  2755 | D:3      | Found a stormy altar of Qazlal.
  2756 | D:3      | Noticed Natasha
  2763 | D:3      | Killed Natasha
  3072 | D:3      | Found a broken altar of Ashenzari.
  3241 | D:3      | Found a basalt altar of Yredelemnul.
  3292 | D:3      | Reached skill level 4 in Unarmed Combat
  3308 | D:3      | Noticed Natasha
  3313 | D:3      | Killed Natasha
  3842 | D:4      | Found a bloodstained altar of Trog.
  3848 | D:3      | Reached XP level 6. HP: 42/42 MP: 9/9
  5300 | D:5      | Entered Level 5 of the Dungeon
  5462 | D:5      | Noticed an ice beast
  5475 | D:4      | Reached XP level 7. HP: 23/47 MP: 10/10
  5809 | D:4      | Reached skill level 5 in Unarmed Combat
  7324 | D:5      | Reached skill level 5 in Dodging
  7457 | D:5      | Reached XP level 8. HP: 22/54 MP: 8/11
  7712 | D:5      | Found a shimmering blue altar of Sif Muna.
  8226 | D:5      | Found Lukhesm's Book Shoppe.
  8226 | D:5      | Noticed Dowan
  8237 | D:5      | Identified a scroll of acquirement
  8237 | D:5      | Acquired a staff of poison
  8332 | D:5      | Found a large runed translucent door.
  8332 | D:5      | Found a large runed translucent door.
  8346 | D:5      | Reached skill level 5 in Fighting
  8349 | D:5      | Reached skill level 6 in Unarmed Combat
  8640 | D:5      | Found a large runed translucent door.
  8640 | D:5      | Found a large runed translucent door.
  8678 | D:5      | HP: 3/82 [poisoned by a gnoll sergeant]
  8679 | D:5      | Succumbed to a gnoll sergeant's poison

Illustrated notes

Levels and vault maps discovered:
D:1:      shiori_arrival_maze, layout_loops_corners
D:2:      minmay_skewed_foursquare, layout_basic,
          shapermc_ecumenical_altar_rom_forum, uniq_terence
D:3:      layout_basic, nicolae_yredelemnul_corpse_copse, lemuel_doored_altar,
          ashenzari_altar_1, minmay_misc_feat_square, serial_bayou_lagoon_a,
          nicolae_kite_square_tiling_tiny, kennysheep_small_spiral, uniq_natasha
D:4:      layout_cave_pools, lemuel_crystal_altar
D:5:      layout_rooms, nicolae_sif_muna_little_library, serial_shops,
          nicolae_diamond_shop, minmay_splitting_lines,
          minmay_hollow_rounded_squares, uniq_duvessa

Skill      XL: |  1  2  3  4  5  6  7  8 |
---------------+-------------------------+-----
Stealth        | 1 2 |  2.0
Poison Magic   | 1 2 |  2.0
Fighting       | 2 3 4 5 |  5.3
Dodging        | 3 4 5 |  5.7
Unarmed Combat | 4 5 6 |  6.0
Spellcasting   | |  2.0
Transmutations | |  2.0

Action                   |  1- 3 |  4- 6 |  7- 9 || total
-------------------------+-------+-------+-------++-------
Melee: Unarmed           |    63 |   131 |   151 ||   345
       Kick              |    15 |    34 |    22 ||    71
       Constrict         |    15 |    31 |     9 ||    55
       Tentacles         |    12 |    25 |    14 ||    51
       Punch             |       |     3 |     3 ||     6
 Cast: Beastly Appendage |    18 |    30 |    17 ||    65
       Spider Form       |       |     4 |    12 ||    16
Evoke: Wand              |       |     6 |       ||     6
  Use: Potion            |     1 |       |     2 ||     3
       Scroll            |       |     2 |    11 ||    13
 Stab: Sleeping          |     8 |     5 |     4 ||    17
Armor: Skin              |     6 |     5 |    14 ||    25
Dodge: Dodged            |    30 |    88 |   111 ||   229

Table legend: (Time is in decaauts)
 A = Elapsed time spent in this place.
 B = Non-inter-level travel time spent in this place.
 C = Inter-level travel time spent in this place.
 D = Time resting spent in this place.
 E = Time spent auto-exploring this place.
 F = Levels seen in this place.
 G = Mean time per level.
                   A        B        C        D        E       F      G
               +--------+--------+--------+--------+--------+-----+--------+
         Total |   8662 |   8452 |    210 |   1665 |   5837 |   5 | 1732.4 |
       Dungeon |   8662 |   8452 |    210 |   1665 |   5837 |   5 | 1732.4 |
               +--------+--------+--------+--------+--------+-----+--------+

Top non-repeatable levels by time:
     D:3: 2789 daAuts
     D:5: 2343 daAuts
     D:1: 1321 daAuts
     D:2: 1193 daAuts
     D:4: 1014 daAuts
